 Dungeon Crawl Stone Soup version 0.18-a0-1539-g1c7284a (webtiles) character file.

128 mrath the Magician (level 4, -3/33 HPs)
             Began as a Draconian Wizard on Mar 10, 2016.
             Slain by an iguana (13 damage)
             ... on level 3 of the Dungeon.
             The game lasted 00:16:32 (2988 turns).

mrath the Magician (Draconian Wizard)               Turns: 2988, Time: 00:16:33

Health: -3/33      AC:  5    Str: 10    XL:     4   Next: 87%
Magic:  1/10       EV: 12    Int: 19    God:
Gold:   138        SH:  0    Dex:  9    Spells: 5 memorised, 1 level left

rFire  . . .     SeeInvis .     n - +0 short sword
rCold  . . .     Gourm    .     (armour unavailable)
rNeg   . . .     Faith    .     (no shield)
rPois  .         Spirit   .     a - +0 hat
rElec  .         Dismiss  .     (no cloak)
rCorr  .         Reflect  .     (no gloves)
SustAt .         Harm     .     (no boots)
MR     .....                    (no amulet)
Stlth  +.........               (no ring)
                                (no ring)

@: very slightly contaminated, repel missiles, not resistant to hostile
enchantments, very unstealthy
A: unfitting armour, cold-blooded, AC +5
a: no special abilities


You were on level 3 of the Dungeon.
You were not hungry.

You visited 1 branch of the dungeon, and saw 3 of its levels.

You collected 138 gold pieces.

Inventory:

Hand Weapons
 n - a +0 short sword (weapon)
 p - a +0 spear
 r - a +0 hunting sling
 y - a +0 mace
Missiles
 e - 25 sling bullets
 f - 68 stones (quivered)
 k - 19 silver sling bullets
Armour
 a - a +0 hat (worn)
Scrolls
 h - a scroll of identify {unknown}
 i - 3 scrolls of enchant armour {unknown}
 o - 2 scrolls of amnesia {unknown}
 s - 2 scrolls of immolation {unknown}
Potions
 g - a potion of ambrosia {unknown}
 j - a potion of heal wounds {unknown}
 m - a potion of haste {unknown}
 t - a potion of flight {unknown}
 u - 2 potions of magic {unknown}
 v - a potion of resistance {unknown}
 w - a potion of degeneration {unknown}
 x - a potion of lignification {unknown}
Books
 b - a book of Minor Magic

   Spells                             Type                      Level
   a - Magic Dart                     Conjuration                  1
   b - Blink                          Translocation                2
   c - Call Imp                       Summoning                    2
   d - Repel Missiles                 Charms/Air                   2
   e - Slow                           Hexes                        2
   f - Conjure Flame                  Conjuration/Fire             3
   g - Mephitic Cloud                 Conjuration/Poison/Air       3
Comestibles
 c - 4 bread rations
 l - a slice of pizza
 q - 2 beef jerkies


   Skills:
 - Level 1.7 Dodging
 - Level 1.7 Stealth
 + Level 4.3 Spellcasting
 + Level 3.3 Conjurations
 - Level 1.0 Summonings
 - Level 1.0 Translocations


You had one spell level left.
You knew the following spells:

 Your Spells              Type           Power        Failure   Level  Hunger
a - Magic Dart            Conj           ###.         4%          1    None
b - Blink                 Tloc           N/A          14%         2    #......
c - Call Imp              Summ           #.......     14%         2    #......
d - Repel Missiles        Chrm/Air       #.....       21%         2    #......
e - Mephitic Cloud        Conj/Pois/Air  #.......     28%         3    ###....


Dungeon Overview and Level Annotations

Branches:
Dungeon (3/15)

Altars:
Qazlal


Innate Abilities, Weirdness & Mutations

Your plain brown scales are hard (AC +5).
Your body does not fit into most forms of armour.
You are cold-blooded and may be slowed by cold attacks.


Message History

The iguana is moderately wounded.
The iguana closely misses you.
Casting: Magic Dart
Confirm with . or Enter, or press ? or * to list all spells.
Aiming: Magic Dart
Press: ? - help, Shift-Dir - straight line, f/p - iguana
Aim: an iguana (moderately wounded)
The magic dart hits the iguana.
The iguana is moderately wounded.
The iguana bites you!
You barely miss the iguana.
The iguana is lightly wounded.
The iguana bites you!
You hit the iguana but do no damage.
The iguana is lightly wounded.
The iguana bites you but does no damage.
You hit the iguana.
The iguana is moderately wounded.
The iguana bites you!
You die...

## ... ...)
.....
......########
......'....l@#
......########
#####


You could see an iguana.

Vanquished Creatures
  An orc priest (D:2)
  4 adders
  2 worms (D:2)
  A dart slug (D:2)
  2 giant geckos (D:1)
  2 orcs
  6 bats
  4 goblins
  12 hobgoblins
  9 kobolds
  2 quokkas (D:2)
  2 giant newts (D:2)
  6 rats
53 creatures vanquished.

Notes
Turn   | Place    | Note
--------------------------------------------------------------
     0 | D:1      | mrath the Draconian Wizard began the quest for the Orb.
     0 | D:1      | Reached XP level 1. HP: 14/14 MP: 4/4
   211 | D:1      | Reached XP level 2. HP: 20/20 MP: 1/6
   862 | D:1      | Learned a level 2 spell: Blink
   865 | D:1      | Learned a level 2 spell: Call Imp
   868 | D:1      | Learned a level 2 spell: Repel Missiles
  1006 | D:2      | Reached XP level 3. HP: 26/26 MP: 1/8
  1197 | D:2      | Found a stormy altar of Qazlal.
  2000 | D:2      | Reached XP level 4. HP: 33/33 MP: 6/9
  2504 | D:3      | Reached skill level 4 in Spellcasting
  2962 | D:2      | Learned a level 3 spell: Mephitic Cloud
  2988 | D:3      | Slain by an iguana

Vault maps used:
D:1:      sevenhm_arrival_forest_fort_small_4
D:2:      first_bread, grunt_qazlal_clouds
D:3:      uniq_grinder

Skill      XL: |  1  2  3  4 |
---------------+-------------+-----
Conjurations   | 2 3 |  3.3
Spellcasting   | 4 |  4.3
Dodging        | |  1.7
Stealth        | |  1.7
Summonings     | |  1.0
Translocations | |  1.0

Action                   |  1- 3 |  4- 6 || total
-------------------------+-------+-------++-------
Melee: Club              |     7 |       ||     7
       Short sword       |    15 |    35 ||    50
 Cast: Magic Dart        |   102 |    56 ||   158
       Repel Missiles    |     1 |     1 ||     2
  Eat: Chunk             |     3 |     3 ||     6
